 Dungeon Crawl Stone Soup version 0.28.0-47-ge53b351184 (webtiles) character file.

Game seed: 5408551481295747427

4011 boopmooplesden the Cruncher (level 10, -9/91 HPs)
             Began as a Minotaur Berserker on May 1, 2022.
             Was an Elder of Trog.
             Killed by divine providence
             ... invoked by an orc priest
              (11 damage)
             ... on level 8 of the Dungeon.
             The game lasted 00:12:27 (7950 turns).

boopmooplesden the Cruncher (Minotaur Berserker)    Turns: 7950, Time: 00:12:28

Health: -9/91      AC: 14    Str: 22    XL:     10   Next: 3%
Magic:  9/9        EV: 12    Int:  6    God:    Trog [****..]
Gold:   65         SH:  0    Dex: 12    Spells: 9/9 levels left

rFire   + . .      SeeInvis .   a - +2 quarterstaff (venom)
rCold   . . .      Faith    .   (shield currently unavailable)
rNeg    . . .      Spirit   .   F - +0 scale mail {rF+}
rPois   .          Reflect  .   (helmet restricted)
rElec   .          Harm     .   n - +2 cloak {rCorr}
rCorr   +          Rampage  +   (no gloves)
Will    .....                   h - +2 pair of boots {rampage}
Stlth   +.........              (no amulet)
HPRegen 0.25/turn               t - ring of resist corrosion
MPRegen 0.11/turn               (no ring)

@: brilliant, on berserk cooldown, attractive, slowed, very slow
A: horns 2, retaliatory headbutt
a: Renounce Religion, Berserk, Trog's Hand, Brothers in Arms


You were on level 8 of the Dungeon.
You worshipped Trog.
Trog was greatly pleased with you.
You visited 1 branch of the dungeon, and saw 8 of its levels.
You also visited: Sewer.

You collected 449 gold pieces.
You spent 384 gold pieces at shops.

Inventory:

Hand Weapons
 a - a +2 quarterstaff of venom (weapon)
 b - a +0 fustibalus
 e - a +0 quarterstaff
 m - a +0 falchion
Missiles
 p - 110 stones (quivered)
Armour
 d - a +0 pair of boots
 h - a +2 pair of boots of rampaging (worn)
 n - a +2 cloak of preservation (worn)
 F - a +0 scale mail of fire resistance (worn)
Jewellery
 s - a ring of protection from fire
 t - a ring of resist corrosion (left hand)
 w - an amulet of magic regeneration
 x - a ring of willpower
 C - a ring of ice
Wands
 c - a wand of polymorph (12)
 j - a wand of acid (6)
 o - a wand of mindburst (16)
 A - a wand of flame (9)
 D - a wand of charming (5)
Scrolls
 i - 3 scrolls of fog
 k - 6 scrolls of identify
 r - a scroll of teleportation
 v - a scroll of immolation
 y - a scroll of silence
Potions
 f - a potion of berserk rage {unknown}
 g - 3 potions of attraction
 l - a potion of brilliance
 q - a potion of curing
 u - 2 potions of invisibility {unknown}
 E - a potion of ambrosia {unknown}


   Skills:
 + Level 9.0 Fighting
 + Level 4.4 Long Blades
 + Level 10.9 Staves
 + Level 0.7 Slings
 + Level 7.1 Armour
 + Level 6.4 Dodging
 + Level 2.1 Stealth
 + Level 1.3 Evocations


You had 9 spell levels left.
You didn't know any spells.
Your spell library was empty.

Dungeon Overview and Level Annotations

Branches:
Dungeon (8/15)             Temple (0/1) D:6            Lair (0/6) D:8
  Sewer (visited)

Altars:
Hepliaklqana
Okawaru
Ru
Uskayaw

Shops:
D:1 *   D:7 [!*((


Innate Abilities, Weirdness & Mutations

You have a pair of horns on your head.
You reflexively headbutt those who attack you in melee.


Message History

A magic dart appears from out of thin air!
The magic dart hits you but does no damage.
You thump the orc priest!
The orc priest is almost dead.
The orc completely misses you.
The orc priest mumbles some strange prayers to Beogh against you.
Beogh smites you!
* * * LOW HITPOINT WARNING * * *
The orc wizard points at you and mumbles some strange words.
The magic dart hits you.
* * * LOW HITPOINT WARNING * * *
Something hits you but does no damage.
You closely miss the orc wizard.
The orc wizard is almost dead.
An orc wizard appears from thin air!
Reactivating autopickup.
You kill the orc wizard!
Trog accepts your kill.
Trog appreciates your killing of a magic user.
The orc hits you with a +0 hand axe.
* * * LOW HITPOINT WARNING * * *
A hornet comes into view.
The orc priest closely misses you.
The orc wizard hits you but does no damage.
The orc hits you with a +0 hand axe.
* * * LOW HITPOINT WARNING * * *
It was a potion of attraction.
You feel attractive to monsters.
The hornet buzzes angrily.
The orc priest closely misses you.
The orc wizard casts a spell.
The orc wizard flickers and vanishes!
Deactivating autopickup; reactivate with Ctrl-A.
The orc misses you. The orc priest closely misses you.
It was a potion of brilliance.
You feel clever all of a sudden. Something hits you but does no damage.
The orc completely misses you.
The orc priest mumbles some strange prayers to Beogh against you.
Beogh smites you!
You die...

.##......##........ .
#...#........>...
.##...###..........
...#...##.........
.##.....###........
#......#......... #
#.............>..
.#.##..o)†...........
.......{@.##.....###.
.......o####.......#
#....#.y.##........#
###...#...##.......#
###.#.o.####......
..#...# ...... ..
#...######... #..
#..h........ ..
##..o.......


You could see a hornet, an orc priest and an orc.

Vanquished Creatures
  A komodo dragon (D:6)
  The ghost of JuniperTheExplorer the Skirmisher, an amateur PaFi (D:4)
  Grinder (D:6)
  2 wargs (D:8)
  2 water moccasins
  2 sky beasts
  2 black bears
  3 orc warriors
  2 ogres
  2 phantoms
  A centaur (D:7)
  A kobold brigand (D:6)
  A wyvern zombie (D:6)
  3 bullfrogs
  A gnoll sergeant (D:5)
  A killer bee (D:5)
  A water moccasin skeleton (D:4)
  2 howler monkeys
  6 electric eels (D:6)
  A bullfrog zombie (D:6)
  4 hounds
  6 jellies
  Crazy Yiuf (D:2)
  2 orc priests (D:6)
  Jessica (D:2)
  2 bullfrog skeletons
  4 orc wizards
  2 iguanas (D:7)
  2 killer bee zombies
  A hound skeleton (D:4)
  5 gnolls (D:5)
  3 river rats (D:3)
  8 adders
  3 shadow imps
  A white imp (D:5)
  An ufetubus (D:7)
  3 worms
  2 dart slugs (D:4)
  16 orcs
  16 ball pythons
  11 endoplasms
  11 giant cockroaches
  3 goblins
  7 hobgoblins
  6 jackals
  15 quokkas
  3 bats
  4 frilled lizards
  7 kobolds
  23 rats
209 creatures vanquished.

Vanquished Creatures (others)
  10 fungi (D:4)
  12 plants (D:6)
22 creatures vanquished.

Grand Total: 231 creatures vanquished

Notes
Turn   | Place    | Note
-------+----------+-------------------------------------------
     0 | D:1      | boopmooplesden the Minotaur Berserker began the quest for
                  | the Orb.
     0 | D:1      | Reached XP level 1. HP: 19/19 MP: 0/0
   494 | D:1      | Reached XP level 2. HP: 25/27 MP: 1/1
   517 | D:1      | Found Rybill's General Store.
   686 | D:1      | Found a faded altar of an unknown god.
  1090 | D:2      | Noticed Jessica
  1094 | D:2      | Killed Jessica
  1095 | D:2      | Reached skill level 1 in Staves
  1095 | D:2      | Reached XP level 3. HP: 26/34 MP: 2/2
  1493 | D:2      | Reached XP level 4. HP: 34/41 MP: 3/3
  1577 | D:2      | Found a sacrificial altar of Ru.
  1657 | D:2      | Found a runed translucent door.
  1658 | D:2      | Noticed Crazy Yiuf
  1718 | D:2      | Killed Crazy Yiuf
  1799 | D:3      | Found a sacrificial altar of Ru.
  1875 | D:3      | Reached skill level 2 in Staves
  1933 | D:3      | Noticed a phantom
  1953 | D:3      | Killed a phantom
  1954 | D:3      | Reached skill level 5 in Fighting
  1954 | D:3      | Reached skill level 3 in Staves
  1954 | D:3      | Reached XP level 5. HP: 13/48 MP: 4/4
  2029 | D:3      | Reached ** piety under Trog
  2050 | D:3      | HP: 2/48 [poisoned by an adder]
  2086 | D:3      | Found a glowing drain.
  2090 | Sewer    | Entered a sewer
  2235 | Sewer    | Reached XP level 6. HP: 36/56 MP: 5/5
  2471 | Sewer    | Reached skill level 4 in Staves
  2477 | Sewer    | Reached skill level 1 in Stealth
  2996 | D:4      | Reached skill level 5 in Staves
  2996 | D:4      | Reached XP level 7. HP: 48/62 MP: 6/6
  3089 | D:4      | Found a runed translucent door.
  3250 | D:4      | Reached *** piety under Trog
  3837 | D:4      | Noticed JuniperTheExplorer's ghost (amateur PaFi)
  3855 | D:4      | Killed JuniperTheExplorer's ghost
  3856 | D:4      | Reached skill level 6 in Staves
  3856 | D:4      | Reached skill level 5 in Dodging
  3958 | D:5      | Entered Level 5 of the Dungeon
  4041 | D:5      | Reached XP level 8. HP: 61/71 MP: 7/7
  4146 | D:5      | Reached skill level 7 in Staves
  4546 | D:5      | Reached skill level 8 in Staves
  4547 | D:5      | Reached skill level 5 in Armour
  5684 | D:6      | Reached **** piety under Trog
  5685 | D:6      | Reached XP level 9. HP: 58/79 MP: 8/8
  5864 | D:6      | Noticed Grinder
  5865 | D:6      | Paralysed by Grinder for 2 turns
  5872 | D:6      | Killed Grinder
  5873 | D:6      | Reached skill level 9 in Staves
  5917 | D:6      | Found a staircase to the Ecumenical Temple.
  6222 | D:6      | Found a hazy altar of Hepliaklqana.
  6571 | D:6      | Noticed a komodo dragon
  6579 | D:6      | Killed a komodo dragon
  6580 | D:6      | Reached skill level 10 in Staves
  7170 | D:7      | Found Oxtium's Antique Armour Shoppe.
  7187 | D:7      | Bought a runed scale mail for 182 gold pieces
  7207 | D:7      | Found Womousig's Assorted Antiques.
  7253 | D:7      | Bought a pair of runed boots for 202 gold pieces
  7267 | D:7      | Found an iron altar of Okawaru.
  7371 | D:7      | Found a hide-covered altar of Uskayaw.
  7405 | D:7      | Found Bekualor's Weapon Emporium.
  7567 | D:7      | Found Viamato's Distillery.
  7574 | D:7      | Reached skill level 1 in Evocations
  7579 | D:7      | Found Keal Duvuv's Weapon Shoppe.
  7906 | D:8      | Found a staircase to the Lair.
  7939 | D:8      | Reached XP level 10. HP: 53/90 MP: 9/9
  7947 | D:8      | HP: 4/91 [orc wizard/magic dart (5)]
  7948 | D:8      | HP: 1/91 [orc/+0 hand axe (1)]
  7950 | D:8      | Killed from afar by an orc priest

Illustrated notes

Levels and vault maps discovered:
D:1:      lightli_arrival_farm, layout_basic, shapermc_ecumenical_altar_petra,
          serial_shops, shop, amcnicky_mini_rare_corridor_liquid,
          minmay_fountain_box
D:2:      layout_basic, basic_altar, uniq_jessica, uniq_crazy_yiuf_cottage
D:3:      layout_rooms, nicolae_ru_sacrificial_ziggurat,
          lightli_sewer_entry_pipes, minmay_rat_hole
D:4:      layout_basic, gammafunk_ghost_grave, serial_aquarium,
          aquarium_bridge_square [aquarium_subvault_wall,
          aquarium_subvault_wall, aquarium_subvault_bridge,
          aquarium_subvault_window], aquarium_bridge_square
          [aquarium_subvault_wall, aquarium_subvault_bridge,
          aquarium_subvault_wall, aquarium_subvault_wall], aquarium_window_1,
          aquarium_window_fake, aquarium_view_2c, aquarium_pool_1
D:5:      nicolae_cairo_tiling_large, layout_layer_cave, minmay_joined_circles
D:6:      cheibrodos_two_vegetables, layout_loops_ring,
          nicolae_hepliaklqana_hazy_memory, temple_doors_e, uniq_grinder
D:7:      layout_gridville, nicolae_uskayaw_murder_on_the_dancefloor,
          mainiacjoe_overflow_catwalk, serial_shops, shop,
          nicolae_shop_advertising_works [nicolae_subvault_shop_adworks],
          nicolae_shop_behind_doors, shop, kennysheep_mini_moat
D:8:      layout_cave_pools, nicolae_gozag_zags_fifth_avenue,
          erik_lair_orcish_takeover, minmay_diced_spiral

Skill      XL: |  1  2  3  4  5  6  7  8  9 10 |
---------------+-------------------------------+-----
Fighting       | 4 5 6 7 8 9 |  9.0
Long Blades    | 4 |  4.4
Staves         | 1 3 5 6 8 10 | 10.9
Dodging        | 3 4 5 6 |  6.4
Stealth        | 1 2 |  2.1
Armour         | 3 5 7 |  7.1
Evocations     | 1 |  1.3
Slings         | |  0.7

Action                   |  1- 3 |  4- 6 |  7- 9 | 10-12 || total
-------------------------+-------+-------+-------+-------++-------
Melee: Falchion          |    11 |       |       |       ||    11
       Quarterstaff      |    43 |   182 |   239 |    10 ||   474
       Headbutt          |     8 |    14 |    46 |     2 ||    70
 Fire: Fustibalus        |       |     1 |       |       ||     1
Invok: Berserk           |     1 |     4 |     4 |       ||     9
       Trog's Hand       |       |     1 |       |       ||     1
Evoke: Wand              |       |       |    11 |       ||    11
  Use: Scroll            |     2 |     5 |     7 |       ||    14
       Potion            |       |     1 |       |     2 ||     3
 Stab: Sleeping          |       |     1 |       |       ||     1
Armor: Animal skin       |    11 |    72 |       |       ||    83
       Ring mail         |       |       |    78 |       ||    78
       Scale mail        |       |       |    20 |    19 ||    39
Dodge: Dodged            |    46 |   116 |   146 |    15 ||   323
